 Dungeon Crawl Stone Soup version 0.30.0-29-ga12c61a403 (webtiles) character file.

Game seed: 11354805151698044026

2025 SHAMEFULBEGGAR the Chopper (level 9, -7/75 (79) HPs)
             Began as a Minotaur Berserker on June 24, 2023.
             Was a Priest of Trog.
             Mangled by a gnoll sergeant
             ... wielding a +0 glaive
              (9 damage)
             ... in a bailey.
             The game lasted 00:09:08 (5262 turns).

SHAMEFULBEGGAR the Chopper (Minotaur Berserker)     Turns: 5262, Time: 00:09:09

HP:   -7/75 (79)    AC:  7    Str: 26    XL:     9   Next: 3%
MP:   0/8           EV: 13    Int:  4    God:    Trog [***...]
Gold: 87            SH:  0    Dex: 10    Spells: 8/8 levels left

rFire   . . .        w - +0 war axe
rCold   . . .        (no shield)
rNeg    + . .        t - +0 ring mail
rPois   .            (helmet restricted)
rElec   .            (no cloak)
rCorr   .            (no gloves)
SInv    .            e - +0 pair of boots
Will    .....        o - amulet of guardian spirit Stlth
                     c - +4 ring of slaying
HPRegen 0.32/turn    y - ring of positive energy
MPRegen 0.11/turn

%: guardian spirit
@: on berserk cooldown, slowed, drained, very slow
A: horns 2, retaliatory headbutt
a: Renounce Religion, Berserk, Trog's Hand


You were in a bailey.
You worshipped Trog.
Trog was most pleased with you.
You visited 1 branch of the dungeon, and saw 7 of its levels.
You also visited: Bailey.

You collected 379 gold pieces.
You spent 292 gold pieces at shops.

Inventory:

Hand Weapons
 w - a +0 war axe (weapon)
Missiles
 A - a throwing net (quivered)
Armour
 e - a +0 pair of boots (worn)
 t - a +0 ring mail (worn)
Jewellery
 c - a +4 ring of slaying (left hand)
 d - an amulet of regeneration
 o - an amulet of guardian spirit (around neck)
 y - a ring of positive energy (right hand)
Wands
 k - a wand of paralysis (20)
 l - a wand of flame (38)
 p - a wand of mindburst (11)
Scrolls
 a - 2 scrolls of fog
 b - a scroll of vulnerability
 f - a scroll of identify
 g - 3 scrolls of blinking
 i - 4 scrolls of teleportation
 x - 2 scrolls of fear
Potions
 h - a potion of flight {unknown}
 j - 2 potions of degeneration
 m - a potion of mutation {unknown}
 n - 2 potions of heal wounds {unknown}
 q - a potion of haste {unknown}
 r - 5 potions of curing
 s - a potion of brilliance {unknown}
 u - a potion of cancellation {unknown}
 v - a potion of magic {unknown}
 z - a potion of experience {unknown}
 B - a potion of resistance {unknown}


   Skills:
 + Level 7.3 Fighting
 + Level 7.7 Axes
 + Level 6.8 Armour
 + Level 6.1 Dodging
 + Level 4.1 Evocations


You had 8 spell levels left.
You didn't know any spells.
Your spell library was empty.

Dungeon Overview and Level Annotations

Branches:
Dungeon (7/15)             Temple (0/1) D:7          Bailey (1/1)

Altars:
Ashenzari
Trog
Yredelemnul

Shops:
D:5 ?   D:7 :

Annotations:
D:5 2 transporters, LustLizard's ghost, amateur OpCj


Innate Abilities, Weirdness & Mutations

You have a pair of horns on your head.
You reflexively headbutt those who attack you in melee.


Message History

There is an open door, spattered with blood here.
The gnoll hits you from afar with a +0 trident!
The gnoll misses you. The gnoll barely misses you.
The gnoll closely misses you. The gnoll sergeant barely misses you.
You see here a throwing net.
You are too injured to fight recklessly!
The gnoll closely misses you. The gnoll hits you with a +0 spear.
The gnoll barely misses you.
The gnoll hits you from afar with a +0 spear.
The gnoll misses you. The gnoll hits you with a +0 halberd.
* * * LOW HITPOINT WARNING * * *
The gnoll hits you with a +0 spear!
* * * LOW HITPOINT WARNING * * *
The gnoll sergeant closely misses you.
Things that are here:
a +0 halberd; a +0 ring mail; a gnoll corpse You are too injured to fight recklessly!
You hit the gnoll but do no damage. You headbutt the gnoll.
The gnoll is heavily wounded.
You barely miss the gnoll sergeant. You hit the gnoll but do no damage. x2
You hit the gnoll sergeant but do no damage.
The gnoll hits you but does no damage. The gnoll sergeant closely misses you.
The gnoll hits you but does no damage. x2
You are too injured to fight recklessly!
You are too injured to fight recklessly!
You slash the gnoll sergeant! You headbutt the gnoll sergeant!
The gnoll sergeant is severely wounded.
You hit the gnoll but do no damage. You barely miss the gnoll.
You slash the gnoll sergeant! You hit the gnoll. The gnoll misses you.
The gnoll barely misses you. The gnoll sergeant barely misses you.
The gnoll misses you. x2
The gnoll hits you from afar with a +0 spear.
* * * LOW HITPOINT WARNING * * *
The gnoll hits you with a +0 halberd.
* * * LOW HITPOINT WARNING * * *
The gnoll sergeant hits you with a +0 halberd.
* * * LOW HITPOINT WARNING * * *
The gnoll closely misses you.
The gnoll sergeant hits you with a +0 glaive!
You die...

...............
...............
######'('######
#...# #...#
#...# ##'##
##.g.## #gg@g.#
#..gg...#
#..$8$..#
#.......#
##.....##
##...## ##+##


You could see 2 gnoll sergeants and 4 gnolls.

Vanquished Creatures
  Prince Ribbit (D:5)
  A wyvern (D:7)
  An ice beast (D:7)
  2 ogres
  2 bullfrogs
  A kobold brigand (D:7)
  4 scorpions
  8 wights
  A howler monkey (D:6)
  A jelly (D:6)
  5 hounds
  Natasha (thrice) (D:2)
  2 sleepcaps
  7 gnolls
  5 adders
  A shadow imp (D:6)
  2 white imps (D:6)
  An ufetubus (D:5)
  An adder zombie (D:3)
  A worm (D:4)
  A dart slug (D:2)
  5 orcs
  6 bats
  10 endoplasms
  6 giant cockroaches
  5 goblins
  8 hobgoblins
  13 kobolds
  3 quokkas
  10 ball pythons
  5 frilled lizards
  A giant cockroach zombie (D:3)
  4 rats
127 creatures vanquished.

Notes
Turn   | Place    | Note
-------+----------+-------------------------------------------
     0 | D:1      | SHAMEFULBEGGAR the Minotaur Berserker began the quest for
                  | the Orb.
     0 | D:1      | Reached XP level 1. HP: 19/19 MP: 0/0
   249 | D:1      | Reached XP level 2. HP: 26/26 MP: 1/1
   883 | D:2      | Reached XP level 3. HP: 33/33 MP: 2/2
   990 | D:2      | Reached ** piety under Trog
  1113 | D:2      | Noticed Natasha
  1119 | D:2      | Killed Natasha
  1120 | D:2      | Reached XP level 4. HP: 35/40 MP: 3/3
  1227 | D:2      | Found a basalt altar of Yredelemnul.
  1259 | D:2      | Noticed Natasha
  1264 | D:2      | Killed Natasha
  1265 | D:2      | Reached skill level 5 in Axes
  1363 | D:2      | Noticed Natasha
  1368 | D:2      | Killed Natasha
  1840 | D:3      | Reached XP level 5. HP: 47/47 MP: 4/4
  2073 | D:3      | Reached skill level 1 in Evocations
  2073 | D:3      | Reached XP level 6. HP: 51/55 MP: 5/5
  2168 | D:3      | Found a basalt altar of Yredelemnul.
  2612 | D:4      | Reached skill level 5 in Fighting
  2967 | D:5      | Entered Level 5 of the Dungeon
  3147 | D:5      | Reached XP level 7. HP: 61/61 MP: 6/6
  3227 | D:5      | Found Wiblall's Magic Scroll Boutique.
  3232 | D:5      | Bought a scroll of fog for 60 gold pieces
  3232 | D:5      | Bought a scroll of fear for 60 gold pieces
  3232 | D:5      | Bought a scroll of fear for 60 gold pieces
  3232 | D:5      | Bought a scroll of blinking for 112 gold pieces
  3266 | D:5      | Reached skill level 5 in Armour
  3287 | D:5      | Identified the +6 trident of the Six Ultimatums {drain,
                  | Will+ Str-2 Int+3}
  3326 | D:5      | Noticed Prince Ribbit
  3330 | D:5      | Noticed LustLizard's ghost (amateur OpCj)
  3345 | D:5      | Killed Prince Ribbit
  3461 | D:5      | Found a transporter.
  3466 | D:5      | Found a transporter.
  3808 | D:6      | Found a broken altar of Ashenzari.
  3814 | D:6      | Saw a vision of the Shoals and the Spider Nest.
  3814 | D:6      | Noticed a merfolk aquamancer
  3814 | D:6      | Noticed a merfolk siren
  3814 | D:6      | Noticed a water nymph
  3814 | D:6      | Noticed a harpy
  3814 | D:6      | Noticed a manticore
  3814 | D:6      | Noticed a merfolk
  3814 | D:6      | Noticed a snapping turtle
  3814 | D:6      | Noticed a manticore
  3814 | D:6      | Noticed a sea snake
  3814 | D:6      | Noticed a merfolk
  3814 | D:6      | Noticed a snapping turtle
  3814 | D:6      | Noticed a merfolk
  3814 | D:6      | Noticed a sea snake
  3814 | D:6      | Noticed a wolf spider
  3814 | D:6      | Noticed an emperor scorpion
  3814 | D:6      | Noticed a culicivora
  3814 | D:6      | Noticed a torpor snail
  3814 | D:6      | Noticed a jumping spider
  3814 | D:6      | Noticed a demonic crawler
  3814 | D:6      | Noticed a jumping spider
  3814 | D:6      | Noticed a moth of wrath
  3814 | D:6      | Noticed a tarantella
  3814 | D:6      | Noticed a redback
  3814 | D:6      | Noticed a tarantella
  3814 | D:6      | Noticed a jumping spider
  3814 | D:6      | Noticed a demonic crawler
  3814 | D:6      | Noticed a radroach
  3814 | D:6      | Noticed a culicivora
  3814 | D:6      | Noticed a redback
  3814 | D:6      | Noticed a pharaoh ant
  3814 | D:6      | Noticed a merfolk
  3815 | D:6      | Noticed a merfolk
  3815 | D:6      | Noticed a wind drake
  3815 | D:6      | Noticed a jumping spider
  3815 | D:6      | Noticed a merfolk siren
  3815 | D:6      | Noticed a boulder beetle
  3816 | D:6      | Noticed a moth of wrath
  3855 | D:6      | Reached skill level 5 in Dodging
  3855 | D:6      | Reached XP level 8. HP: 70/70 MP: 7/7
  4221 | D:6      | Found a bloodstained altar of Trog.
  4939 | D:7      | Reached *** piety under Trog
  4946 | D:7      | Found a staircase to the Ecumenical Temple.
  4968 | D:7      | Found Seudalos's Book Shop.
  5073 | D:7      | Found a flagged portal.
  5085 | Bailey   | Entered a bailey
  5091 | Bailey   | Reached XP level 9. HP: 35/75 MP: 5/8
  5262 | Bailey   | HP: 2/75 [gnoll sergeant/+0 halberd (5)]
  5262 | Bailey   | Mangled by a gnoll sergeant

Illustrated notes

Levels and vault maps discovered:
D:1:      lightli_arrival_lavapool, layout_basic
D:2:      layout_loops_corners, basic_altar, chequers_serial_rivers_micro_a,
          uniq_natasha
D:3:      layout_basic, lemuel_zombie_altar_yredelemnul
D:4:      minmay_opposing_rooms, layout_rooms
D:5:      layout_basic, gammafunk_ghost_hive, serial_shops,
          nicolae_shop_rolling_square, grunt_decor_mini_mirrors,
          uniq_prince_ribbit1
D:6:      layout_layer_cave, grunt_ashenzari_visionary
          [grunt_ashenzari_visionary_shoals, grunt_ashenzari_visionary_spider],
          mainiacjoe_overflow_tiny_flanked, grunt_ministairs_14,
          grunt_decor_junction, kennysheep_nub, hangedman_decor_growths
D:7:      layout_loops_ring, mainiacjoe_overflow_concentric_impassable,
          kennysheep_little_box, temple_fountains, enter_ossuary_4,
          enter_bailey_4, serial_shops, shop, shop, minmay_manual_monolith
Bailey:   bailey_polearm_gnolls_kennysheep, bailey

Skill      XL: |  1  2  3  4  5  6  7  8 |
---------------+-------------------------+-----
Axes           | 4 5 6 7 |  7.7
Armour         | 3 4 5 6 |  6.8
Fighting       | 4 5 6 7 |  7.3
Dodging        | 3 4 5 6 |  6.1
Evocations     | 1 2 4 |  4.1

Action                     |  1- 3 |  4- 6 |  7- 9 || total
---------------------------+-------+-------+-------++-------
  Melee: Hand axe          |    50 |    59 |       ||   109
         Headbutt          |     4 |    11 |    15 ||    30
         Punch             |       |     1 |     1 ||     2
         War axe           |       |    15 |    84 ||    99
 Invoke: Berserk           |       |     1 |     3 ||     4
         Trog's Hand       |       |     1 |     1 ||     2
  Evoke: Wand              |       |     1 |     6 ||     7
    Use: Scroll            |       |     6 |     7 ||    13
 Armour: Animal skin       |     8 |     5 |       ||    13
         Ring mail         |       |     8 |    30 ||    38
  Dodge: Dodged            |    36 |    48 |    94 ||   178
